 Dungeon Crawl Stone Soup version 0.30.1-1-g62c8e00024 (webtiles) character file.

Game seed: 14402902488294467670

193 cheesebisquit the Chopper (level 5, -10/47 HPs)
             Began as a Hill Orc Monk on July 17, 2023.
             Was a Believer of Beogh.
             Mangled by an orc priest
             ... wielding a +2 hand axe of electrocution
              (17 damage)
             ... on level 4 of the Dungeon.
             The game lasted 00:06:07 (2937 turns).

cheesebisquit the Chopper (Hill Orc Monk)           Turns: 2937, Time: 00:06:07

Health: -10/47     AC: 13    Str: 15 (16) XL:     5   Next: 72%
Magic:  5/5        EV:  4    Int:  9 (10) God:    Beogh [**....]
Gold:   94         SH:  0    Dex: 11 (13) Spells: 4/4 levels left

rFire   . . .        a - +1 hand axe
rCold   . . .        d - orb {light}
rNeg    . . .        o - +0 plate armour
rPois   .            (no helmet)
rElec   .            (no cloak)
rCorr   .            p - +0 pair of gloves
SInv    .            z - +0 pair of boots
Will    .....        (no amulet) Stlth
                     (no ring)
HPRegen 0.27/turn    (no ring)
MPRegen 0.09/turn

%: no passive effects
@: about to teleport, hasted, glowing, very quick
A: no striking features
a: Renounce Religion, Smiting


You were on level 4 of the Dungeon.
You worshipped Beogh.
Beogh was pleased with you.
You visited 1 branch of the dungeon, and saw 4 of its levels.

You collected 94 gold pieces.

Inventory:

Hand Weapons
 a - a +1 hand axe (weapon)
Missiles
 b - 7 poisoned darts
 i - 6 boomerangs (quivered)
 y - a throwing net
 A - 2 silver javelins
Armour
 d - an orb of light (worn)
 o - a +0 plate armour (worn)
 p - a +0 pair of gloves (worn)
 z - a +0 pair of boots (worn)
Scrolls
 e - 2 scrolls of teleportation
 f - 2 scrolls of poison
 j - 3 scrolls of enchant weapon
 k - 2 scrolls of immolation {unknown}
 m - 2 scrolls of noise {unknown}
 n - a scroll of blinking {unknown}
 r - 2 scrolls of amnesia {unknown}
 t - 2 scrolls of identify
 x - a scroll of butterflies {unknown}
 B - a scroll of vulnerability {unknown}
Potions
 g - a potion of mutation
 h - a potion of brilliance {unknown}
 l - a potion of berserk rage {unknown}
 u - a potion of degeneration
 v - a potion of attraction {unknown}
 w - a potion of heal wounds {unknown}


   Skills:
 + Level 4.8 Fighting
 * Level 6.4 Axes
 + Level 2.6 Armour
 - Level 2.4 Dodging


You had 4 spell levels left.
You didn't know any spells.
Your spell library contained the following spells:

 Spells                   Type           Power      Damage    Failure   Level
 Beastly Appendage        Tmut           0%         N/A       100%        1
 Wereblood                Tmut           0%         N/A       100%        2
 Spider Form              Tmut/Pois      0%         N/A       100%        3


Dungeon Overview and Level Annotations

Branches:
Dungeon (4/15)
 Temple: D:4-7

Altars:
Zin
The Shining One

Shops:
D:1 (

Annotations:
D:4 Blork the orc


Message History

The orc priest hits you but does no damage.
The kobold hits you but does no damage.
The orc priest hits you but does no damage.
You feel better. The kobold barely misses you.
The orc priest calls down the wrath of Beogh upon you.
Pain shoots through your body! The orc priest hits you with a +0 club.
You feel better.
It was a potion of degeneration.
There was something very wrong with that liquid.
You feel weakened.
You feel dopey.
You feel clumsy. The kobold hits you but does no damage.
The orc priest hits you with a +2 hand axe of electrocution.
You are electrocuted!
* * * LOW HITPOINT WARNING * * *
The orc priest hits you but does no damage.
Okay, then.
As you read the scroll labelled QODAPH ZAEGU, it crumbles to dust.
It is a scroll of enchant weapon.
Your +0 hand axe glows red for a moment.
The orc priest begins to cast a cantrip, but forgets the words!
The kobold hits you but does no damage. The orc priest hits you with a +0 club.
* * * LOW HITPOINT WARNING * * *
As you read the scroll labelled OFOXZO AZAEPPU, it crumbles to dust.
You feel strangely unstable.
It was a scroll of teleportation.
The air fills with toxic fumes!
As you read the scroll labelled WEGRIFRAKLI, it crumbles to dust.
It was a scroll of poison.
The orc priest hits you but does no damage.
The orc priest miscasts a cantrip.
The kobold hits you but does no damage.
As you read the scroll labelled PANUSK BEOHOV, it crumbles to dust.
It is a scroll of identify.
g - a potion of mutation The kobold hits you with a +0 short sword.
* * * LOW HITPOINT WARNING * * *
The orc priest hits you with a +2 hand axe of electrocution.
* * * LOW HITPOINT WARNING * * *
You are electrocuted!
You die...
Beogh appreciates the orc priest's killing of a heretic priest.

#### §§§#### #§§§§§#
##... #§§§§§# ....
#o§§§§# . #... #oo§§
..##...##oo#
........#@#
......S.#K#
........#S######
......$.§O§....#
......######'''######
..... #...'.....'...#
.... #$_.'.PP..'._.#
... #...'....)'...#
## ######'''######


You could see Blork the orc, an ogre, 2 orc priests, 2 orcs, a ball python and a
kobold.

Vanquished Creatures
  Ijyb (D:4)
  3 orc wizards
  3 adders (D:3)
  A dart slug (D:3)
  6 orcs
  7 ball pythons
  9 bats
  6 endoplasms
  2 giant cockroaches
  A goblin (D:1)
  4 hobgoblins
  A jackal (D:2)
  A quokka (D:2)
  3 frilled lizards
  6 kobolds
  4 rats
58 creatures vanquished.

Vanquished Creatures (others)
  2 ball pythons (D:3)
2 creatures vanquished.

Grand Total: 60 creatures vanquished

Notes
Turn   | Place    | Note
-------+----------+-------------------------------------------
     0 | D:1      | cheesebisquit the Hill Orc Monk began the quest for the
                  | Orb.
     0 | D:1      | Reached XP level 1. HP: 19/19 MP: 1/1
   151 | D:1      | You fall into a shaft and drop 1 floor!
   179 | D:2      | Reached XP level 2. HP: 23/27 MP: 2/2
   425 | D:1      | Found Ydof's Antique Weapon Shoppe.
   633 | D:1      | Reached skill level 1 in Armour
   870 | D:1      | Reached XP level 3. HP: 32/33 MP: 3/3
   982 | D:2      | Reached skill level 5 in Axes
  1388 | D:2      | Reached XP level 4. HP: 37/40 MP: 4/4
  1618 | D:3      | Became a worshipper of Beogh the Brigand
  1618 | D:3      | Reached * piety under Beogh
  1618 | D:3      | Reached ** piety under Beogh
  2122 | D:3      | Reached skill level 6 in Axes
  2122 | D:3      | Reached XP level 5. HP: 37/47 MP: 5/5
  2741 | D:4      | Noticed Ijyb
  2744 | D:4      | Paralysed by Ijyb for 3 turns
  2767 | D:4      | Killed Ijyb
  2899 | D:4      | Found a glowing golden altar of the Shining One.
  2900 | D:4      | Found a glowing silver altar of Zin.
  2917 | D:4      | Noticed an ogre
  2929 | D:4      | Noticed Blork the orc
  2937 | D:4      | Mangled by an orc priest

Illustrated notes

Levels and vault maps discovered:
D:1:      minmay_arrival_pointy, layout_basic, serial_shops, shop,
          kennysheep_flooded_box
D:2:      minmay_skewed_foursquare, layout_basic, minmay_vboxes
D:3:      layout_basic
D:4:      layout_basic, mainiacjoe_overflow_big_doors, nicolae_shop_gadgets,
          uniq_ijyb, uniq_blork_the_orc

Skill      XL: |  1  2  3  4 |
---------------+-------------+-----
Armour         | 1 2 |  2.6
Fighting       | 4 |  4.8
Axes           | 5 6 |  6.4
Dodging        | |  2.4

Action                     |  1- 3 |  4- 6 || total
---------------------------+-------+-------++-------
  Melee: Hand axe          |    85 |   122 ||   207
 Invoke: Convert to Beogh  |       |     1 ||     1
    Use: Potion            |       |     6 ||     6
         Scroll            |       |     4 ||     4
 Armour: Robe              |     8 |       ||     8
         Plate armour      |    57 |    96 ||   153
  Dodge: Dodged            |    27 |    31 ||    58
